 Dungeon Crawl Stone Soup version 0.28-b1-25-g9875b3fc8c (webtiles) character file.

Game seed: 17191521021716163321

773 raph the Spear-Bearer (level 7, -1/50 HPs)
             Began as a Merfolk Gladiator on Feb 6, 2022.
             Was an Initiate of Yredelemnul.
             Shot with a bolt by a kobold brigand (4 damage)
             ... on level 5 of the Dungeon.
             The game lasted 00:06:16 (5737 turns).

raph the Spear-Bearer (Merfolk Gladiator)           Turns: 5737, Time: 00:06:16

Health: -1/50      AC:  5    Str: 14    XL:     7   Next: 83%
Magic:  16/16      EV: 13    Int:  8    God:    Yredelemnul [......]
Gold:   217        SH:  0    Dex: 17    Spells: 6/6 levels left

rFire   . . .      SeeInvis .   a - +1 trident
rCold   . . .      Faith    .   (no shield)
rNeg    . . .      Spirit   .   b - +0 leather armour
rPois   .          Reflect  .   c - +0 helmet
rElec   .          Harm     .   (no cloak)
rCorr   .          Rampage  .   (no gloves)
Will    .....                   e - +0 pair of boots
Stlth   +.........              (no amulet)
HPRegen 0.16/turn               l - ring of magical power
MPRegen 0.15/turn               (no ring)

@: hasted, very quick
A: (nimble swimmer 2), mertail
a: Renounce Religion, Recall Undead Harvest


You were on level 5 of the Dungeon.
You worshipped Yredelemnul.
Yredelemnul was noncommittal.
You visited 1 branch of the dungeon, and saw 5 of its levels.

You collected 217 gold pieces.

Inventory:

Hand Weapons
 a - a +1 trident (weapon)
Missiles
 d - 3 throwing nets (quivered)
 n - 5 poisoned darts
Armour
 b - a +0 leather armour (worn)
 c - a +0 helmet (worn)
 e - a +0 pair of boots (worn)
Jewellery
 l - a ring of magical power (left hand)
Wands
 k - a wand of flame (17)
 m - a wand of paralysis (11)
Scrolls
 j - a scroll of identify
Potions
 f - a potion of attraction
 g - 2 potions of brilliance
 h - 2 potions of curing


   Skills:
 - Level 2.1 Fighting
 + Level 12.7 Polearms
 - Level 2.0 Throwing
 - Level 4.0 Dodging


You had 6 spell levels left.
You didn't know any spells.
Your spell library contained the following spells:

 Spells                   Type           Power      Damage    Failure   Level
 Animate Skeleton         Necr           0%         N/A       50%         1
 Pain                     Necr           0%         1d4       50%         1
 Corpse Rot               Necr/Air       0%         N/A       63%         2
 Poisonous Vapours        Pois/Air       0%         N/A       63%         2
 Vampiric Draining        Necr           0%         2d6       86%         3


Dungeon Overview and Level Annotations

Branches:
Dungeon (5/15)             Temple (0/1) D:5

Altars:
Vehumet
Yredelemnul
Zin

Shops:
D:3 (


Innate Abilities, Weirdness & Mutations

((You are very nimble when in or above water. (Stealth+, EV+, Speed+++)))
Your lower body shifts to a powerful aquatic tail in water.


Message History

Press: ? - help, Dir - move target, f/p - kobold brigand
Aim: a kobold brigand, wielding a +0 hand crossbow and quivering bolts (heavily wounded, ally target, about 39% to evade your +1 trident)
You reach to attack!
You closely miss the kobold brigand.
The kobold brigand is heavily wounded.
The kobold brigand shoots a bolt.
The bolt hits your ogre zombie.
Reach: a) +1 trident
Press: ? - help, Dir - move target, f/p - kobold brigand
Aim: a kobold brigand, wielding a +0 hand crossbow and quivering bolts (heavily wounded, ally target, about 39% to evade your +1 trident)
You could not reach far enough!
The kobold brigand shoots a bolt.
The bolt hits your ogre zombie!
Reach: a) +1 trident
Press: ? - help, Dir - move target, f/p - kobold brigand
Aim: a kobold brigand, wielding a +0 hand crossbow and quivering bolts (heavily wounded, ally target, about 39% to evade your +1 trident)
You could not reach far enough!
Your ogre zombie closely misses the kobold brigand.
Reach: a) +1 trident
Press: ? - help, Dir - move target, f/p - kobold brigand
Aim: a kobold brigand, wielding a +0 hand crossbow and quivering bolts (heavily wounded, ally target, about 39% to evade your +1 trident)
You reach to attack!
You completely miss the kobold brigand.
The kobold brigand is heavily wounded.
The kobold brigand shoots a bolt.
The bolt barely misses your ogre zombie.
The bolt hits you!
* * * LOW HITPOINT WARNING * * *
Reach: a) +1 trident
Press: ? - help, Dir - move target, f/p - kobold brigand
Aim: a kobold brigand, wielding a +0 hand crossbow and quivering bolts (heavily wounded, ally target, about 39% to evade your +1 trident)
You could not reach far enough!
You feel yourself speed up.
The kobold brigand shoots a bolt.
The bolt hits your ogre zombie!
Your ogre zombie barely misses the kobold brigand.
The kobold brigand shoots a bolt.
The bolt hits your ogre zombie!
Your ogre zombie is destroyed!
The kobold brigand shoots a bolt.
The bolt hits you.
* * * LOW HITPOINT WARNING * * *
Okay, then.
Okay, then.
The kobold brigand shoots a bolt.
The bolt hits you.
You die...
Your body rises from the dead as a mindless zombie.

########## ### #..Z.Z...##
#.## #.#####(#.######
##^#.##########.....K###......
#.###......).@..#####.#.######
##Z#.##########.# ##.## ##Z##
#.######.# #### #.# #.##...).#
...# #Z# #.##.###K# ##.###.##
#.# #K# ........# #.# #K#
##...##.## #.. .K# ##...##..#
###


.KK You could see a kobold brigand.

Vanquished Creatures
  A water moccasin (D:5)
  A centaur (D:4)
  An ogre (D:5)
  A water moccasin zombie (D:5)
  An orc priest (D:5)
  2 hounds (D:4)
  3 iguanas (D:5)
  4 adders
  A worm (D:4)
  3 dart slugs
  5 orcs (D:5)
  7 endoplasms
  4 giant cockroaches
  7 hobgoblins
  2 quokkas
  7 ball pythons
  A bat (D:3)
  A frilled lizard (D:3)
  2 goblins
  5 kobolds
  6 rats
65 creatures vanquished.

Vanquished Creatures (collateral kills)
  An ogre (D:5)
  A phantom (D:4)
  A frilled lizard (D:1)
  A kobold (D:2)
4 creatures vanquished.

Vanquished Creatures (others)
  An ogre zombie (D:5)
  A hound zombie (D:4)
  An iguana zombie (D:5)
  A ball python zombie (D:4)
  A kobold zombie (D:5)
  4 orc zombies (D:5)
  A fungus (D:1)
  6 plants
16 creatures vanquished.

Grand Total: 85 creatures vanquished

Notes
Turn   | Place    | Note
-------+----------+-------------------------------------------
     0 | D:1      | raph the Merfolk Gladiator began the quest for the Orb.
     0 | D:1      | Reached XP level 1. HP: 16/16 MP: 1/1
   363 | D:1      | Reached skill level 5 in Polearms
   415 | D:1      | Reached XP level 2. HP: 22/22 MP: 2/2
   428 | D:1      | Found a faded altar of an unknown god.
   447 | D:1      | Prayed at the altar of an unknown god.
   447 | D:1      | Became a worshipper of Yredelemnul the Dark
   447 | D:1      | Reached * piety under Yredelemnul
   884 | D:1      | You fall into a shaft and drop 1 floor!
  1250 | D:2      | Reached skill level 6 in Polearms
  1250 | D:2      | Reached XP level 3. HP: 27/27 MP: 3/3
  2096 | D:2      | Identified the +10 falchion "Uzuz" {vamp, *Rage rC++ rN+
                  | Str+4}
  2636 | D:3      | Found Dioffofoe's Antique Weapon Boutique.
  2839 | D:3      | Found a glowing silver altar of Zin.
  2911 | D:3      | Reached skill level 7 in Polearms
  2911 | D:3      | Reached XP level 4. HP: 33/33 MP: 4/4
  3678 | D:4      | Reached skill level 8 in Polearms
  3678 | D:4      | Reached XP level 5. HP: 24/38 MP: 5/5
  4076 | D:4      | Found a radiant altar of Vehumet.
  4078 | D:4      | Noticed a centaur
  4081 | D:4      | Noticed a phantom
  4090 | D:4      | Killed a centaur
  4091 | D:4      | Reached skill level 9 in Polearms
  4091 | D:4      | Reached XP level 6. HP: 21/44 MP: 6/6
  4103 | D:4      | Reached skill level 10 in Polearms
  4709 | D:5      | Entered Level 5 of the Dungeon
  4779 | D:5      | Reached skill level 11 in Polearms
  4779 | D:5      | Reached XP level 7. HP: 48/50 MP: 7/7
  5141 | D:5      | Reached skill level 12 in Polearms
  5243 | D:5      | Found a staircase to the Ecumenical Temple.
  5723 | D:5      | HP: 2/50 [kobold brigand/bolt (10)]
  5728 | D:5      | HP: 2/50 [kobold brigand/bolt (1)]
  5737 | D:5      | Shot with a bolt by a kobold brigand

Illustrated notes

Levels and vault maps discovered:
D:1:      psy_arrival_dodecagon, layout_basic, shapermc_ecumenical_altar_ellora,
          chequers_serial_rivers_micro_e
D:2:      layout_basic
D:3:      layout_loops_ring, mainiacjoe_overflow_alcove_4, serial_shops, shop
D:4:      layout_basic, vehumet_altar_wand_db
D:5:      layout_loops_ring, trog_butcher_becter,
          minmay_temple_entry_stoned_glass, serial_bayou_pond_c,
          nrook_loot_triangle, minmay_shop_mass

Skill      XL: |  1  2  3  4  5  6  7 |
---------------+----------------------+-----
Polearms       | 5 6 7 8 9 11 12 | 12.7
Fighting       | |  2.1
Throwing       | |  2.0
Dodging        | |  4.0

Action                   |  1- 3 |  4- 6 |  7- 9 || total
-------------------------+-------+-------+-------++-------
Melee: Trident           |    99 |    92 |    59 ||   250
       Punch             |     2 |     1 |       ||     3
Invok: Recall Undead Har |     1 |       |     2 ||     3
  Use: Scroll            |     4 |     6 |     1 ||    11
       Potion            |       |       |     3 ||     3
 Stab: Sleeping          |     2 |       |       ||     2
       Distracted        |       |     1 |     1 ||     2
Armor: Leather armour    |    17 |    14 |     4 ||    35
Dodge: Dodged            |    28 |    56 |    17 ||   101
